 Dungeon Crawl Stone Soup version 0.23-a0-119-ga86c9e7 (webtiles) character file.

2 Amnesiac the Magician (level 1, -3/13 HPs)
             Began as a Mummy Air Elementalist on Aug 24, 2018.
             Slain by an adder (4 damage)
             ... on level 2 of the Dungeon.
             The game lasted 00:01:01 (115 turns).

Amnesiac the Magician (Mummy Air Elementalist)       Turns: 115, Time: 00:01:01

Health: -3/13      AC:  2    Str: 11    XL:     1   Next: 25%
Magic:  0/4        EV: 12    Int: 14    God:
Gold:   0          SH:  0    Dex: 12    Spells: 4/5 levels left

rFire    x . .     SeeInvis .   (no weapon)
rCold    + . .     Gourm    .   (no shield)
rNeg     + + +     Faith    .   a - +0 robe
rPois    ∞         Spirit   .   (no helmet)
rElec    .         Reflect  .   (no cloak)
rCorr    .         Harm     +   (no gloves)
MR       .....                  (no boots)
Stlth    ++........             c - amulet of harm
HPRegen  0.04/turn              (no ring)
MPRegen  0.09/turn              (no ring)

@: very slightly contaminated
A: no food or potions, fire vulnerability, cold resistance 1, negative energy
resistance 3, torment resistance, unbreathing
a: no special abilities


You were on level 2 of the Dungeon.
You were not hungry.

You visited 1 branch of the dungeon, and saw 2 of its levels.

Inventory:

Armour
 a - a +0 robe (worn)
Jewellery
 c - an amulet of harm (around neck)
Scrolls
 b - a scroll of random uselessness {!r, unknown}


   Skills:
 - Level 1.5 Dodging
 - Level 1.5 Stealth
 - Level 2.6 Spellcasting
 - Level 0.7 Conjurations
 + Level 2.5 Air Magic


You had 4 spell levels left.
You knew the following spells:

 Your Spells              Type           Power        Failure   Level  Hunger
a - Shock                 Conj/Air       #...         12%         1    N/A

Your spell library contained the following spells:

 Spells                   Type           Power        Failure   Level  Hunger
 Swiftness                Chrm/Air       #.......     21%         2    N/A
 Static Discharge         Conj/Air       #.......     34%         3    N/A
 Airstrike                Air            #.........   61%         4    N/A
 Lightning Bolt           Conj/Air       #.........   97%         5    N/A

Dungeon Overview and Level Annotations

Branches:
Dungeon (2/15)

Altars:

Annotations:
D:2 Jessica


Innate Abilities, Weirdness & Mutations

You do not eat or drink.
Your flesh is vulnerable to fire.
You are immune to poison.
Your flesh is cold resistant. (rC+)
You are immune to negative energy. (rN+++)
You are immune to unholy pain and torment.
You can survive without breathing.


Message History

Press: ? - help, Shift-Dir - straight line, f/p - adder
Aim: an adder The zap hits the adder.
The adder is lightly wounded.
The zap hits the adder.
The adder is lightly wounded.
The kobold shouts!
The adder bites you but does no damage.
Unknown command.
The adder bites you. Jessica misses you.
You see here a bubbling green potion {!q}.
Jessica casts a spell.
Jessica blinks!
The kobold throws a stone.
The stone hits you but does no damage.
Things that are here:
a stone; a scroll labeled YCOON KOIPAUBU {!r} The adder bites you but does no damage.
The adder bites you.
Casting: Shock (safe; 12% risk of failure)
Confirm with . or Enter, or press ? or * to list all spells.
Aiming: Shock (safe; 12% risk of failure)
Press: ? - help, Shift-Dir - straight line, p - adder The zap hits Jessica.
Jessica is moderately wounded.
The zap misses Jessica.
Jessica mumbles some strange words.
Jessica blinks!
The adder bites you but does no damage.
Unknown command.
Casting: Shock (safe; 12% risk of failure)
Confirm with . or Enter, or press ? or * to list all spells.
Aiming: Shock (safe; 12% risk of failure)
Press: ? - help, Shift-Dir - straight line The zap misses the adder.
The zap hits Jessica.
Jessica is almost dead.
The zap hits Jessica.
Jessica appears unharmed.
Jessica is almost dead.
The adder bites you.
* * * LOW HITPOINT WARNING * * *
Jessica gestures wildly while chanting.
Jessica blinks!
Unknown command.
Casting: Shock (safe; 12% risk of failure)
Confirm with . or Enter, or press ? or * to list all spells.
Aiming: Shock (safe; 12% risk of failure)
Press: ? - help, Shift-Dir - straight line, f - Jessica
Aim: Jessica, wearing a robe (almost dead, fast)
The zap hits the adder.
The adder is moderately wounded.
The zap hits the kobold.
The kobold is moderately wounded.
The zap misses Jessica.
The adder bites you.
* * * LOW HITPOINT WARNING * * *
The adder bites you.
* * * LOW HITPOINT WARNING * * *
Unknown command.
Casting: Shock (safe; 12% risk of failure)
Confirm with . or Enter, or press ? or * to list all spells.
You don't have enough magic to cast that spell.
You barely miss the adder.
The adder is moderately wounded.
Jessica mumbles some strange words.
Jessica blinks!
The adder bites you.
You die...

#........#..##.....
...........## ..#.
#.........### #
#...........#
#.###.....#.## .
...........#
.........§.###
........##(K.###
........##...S@#
.......[####...#
........# #####
...###### ..


You could see an adder and a kobold.

Vanquished Creatures
  A hobgoblin (D:1)
  A rat (D:1)
2 creatures vanquished.

Notes
Turn   | Place    | Note
-------+----------+-------------------------------------------
     0 | D:1      | Amnesiac the Mummy Air Elementalist began the quest for the Orb.
     0 | D:1      | Reached XP level 1. HP: 13/13 MP: 4/4
    96 | D:2      | Noticed Jessica
   115 | D:2      | Slain by an adder

Vault maps used:
D:1:      dpeg_arrival_tiny_j
D:2:      chequers_ecumenical_altar_lobes, uniq_jessica

Action                   || total
-------------------------++-------
Melee: Unarmed           ||     3
 Cast: Shock             ||     9
Armor: Robe              ||     3
Dodge: Dodged            ||     5

Table legend:
 A = Non-vault XP
 B = Vault XP
 C = Vault XP percentage of total XP
 D = Non-vault monster count
 E = Vault monster count
 F = Vault count percentage of total count
                 A         B        C        D         E       F
            +---------+---------+-------+---------+---------+-------
      Total |       3 |       0 |   0.0 |       2 |       0 |   0.0
            +---------+---------+-------+---------+---------+-------
        D:1 |       3 |       0 |   0.0 |       2 |       0 |   0.0
            +---------+---------+-------+---------+---------+-------
